 Dungeon Crawl Stone Soup version 0.20.1-1-g8b1a95d (webtiles) character file.

8053 sanboga the Cleaver (level 11, -9/87 HPs)
             Began as a Vine Stalker Berserker on Jan 2, 2018.
             Was a High Priest of Trog.
             Mangled by lansh's ghost (23 damage)
             ... on level 10 of the Dungeon.
             The game lasted 00:28:31 (7516 turns).

sanboga the Cleaver (Vine Stalker Berserker)        Turns: 7516, Time: 00:28:32

Health: -9/87      AC: 22    Str: 28    XL:     11   Next: 24%
Magic:  0/4        EV:  9    Int:  7    God:    Trog [*****.]
Gold:   349        SH:  0    Dex: 16    Spells: 10/10 levels left

rFire    . . .     SeeInvis .   d - +4 broad axe (antimagic)
rCold    . . .     Gourm    .   (no shield)
rNeg     . . .     Faith    .   z - +0 plate armour
rPois    .         Spirit   +   u - +0 helmet
rElec    .         Reflect  .   (no cloak)
rCorr    .         Harm     .   q - +1 pair of gloves
MR       +....                  r - +2 pair of boots
Stlth    ..........             h - amulet of magic regeneration
Regen    0.7/turn               y - +3 ring of protection
MPRegen  0.2/turn               f - +2 ring of dexterity

@: berserking, very quick
A: fangs 3, regeneration 1, magic shield, antimagic bite, no potion heal 3, rot
immunity
a: Berserk, Trog's Hand, Brothers in Arms, Burn Spellbooks, Renounce Religion


You were on level 10 of the Dungeon.
You worshipped Trog.
Trog was extremely pleased with you.
You were very hungry.

You visited 1 branch of the dungeon, and saw 10 of its levels.

You collected 631 gold pieces.
You spent 282 gold pieces at shops.

Inventory:

Hand Weapons
 a - a +2 war axe of electrocution
 d - a +4 antimagic broad axe (weapon)
 p - a +0 flail of protection
Armour
 q - a +1 pair of gloves (worn)
 r - a +2 pair of boots (worn)
 u - a +0 helmet (worn)
 z - a +0 plate armour (worn)
Jewellery
 f - a +2 ring of dexterity (right hand)
 h - an amulet of magic regeneration (around neck)
 t - an uncursed ring of see invisible
 y - a +3 ring of protection (left hand)
Wands
 w - a wand of flame (22/48)
 D - a wand of disintegration (9/24)
 E - a wand of polymorph (8/24)
 H - a wand of scattershot (2/9)
Scrolls
 e - 2 scrolls of recharging
 g - 6 scrolls of teleportation
 j - 2 scrolls of identify
 l - 4 scrolls of remove curse
 n - a scroll of blinking
 B - a scroll of magic mapping
 G - a scroll of fog
Potions
 i - 5 potions of curing
 k - a potion of resistance
 m - a potion of brilliance
 s - 2 potions of berserk rage
 A - a potion of agility
Comestibles
 b - 18 fruits
 c - 9 bread rations
 v - 3 meat rations
 x - a royal jelly


   Skills:
 + Level 7.0 Fighting
 + Level 11.4(11.7) Axes
   Level 4.1(8.6) Polearms
 + Level 6.0 Armour
 + Level 3.6 Dodging
 + Level 2.5 Stealth


You had 10 spell levels left.
You didn't know any spells.

Dungeon Overview and Level Annotations

Branches:
Dungeon (10/15)            Temple (0/1) D:4            Lair (0/6) D:9
    Orc (0/2) D:10

Altars:
Dithmenos
Trog
Vehumet
Xom

Shops:
D:5 !?*?*   D:8 }*!

Annotations:
D:10 lansh's ghost, journeyman HOFi


Innate Abilities, Weirdness & Mutations

You have razor-sharp teeth.
Your natural rate of healing is unusually fast.
When hurt, damage is shared between your health and your magic reserves.
Your bite disrupts and absorbs the magic of your enemies.
Potions cannot restore your health.
You are immune to rotting.


Message History

Lansh's ghost says, "To die, to sleep, no more."
Lansh's ghost hits you!
You slice lansh's ghost!! Your bite misses lansh's ghost.
Lansh's ghost is heavily damaged.
Your plate armour prevents you from hitting lansh's ghost.
Your bite misses lansh's ghost.
Lansh's ghost is heavily damaged.
Lansh's ghost hits you!!
You hit lansh's ghost.
You bite lansh's ghost, but do no damage.
Lansh's ghost is heavily damaged.
You hit lansh's ghost. Your bite misses lansh's ghost.
Lansh's ghost is severely damaged.
Lansh's ghost hits you!
* * * LOW HITPOINT WARNING * * *
You slice lansh's ghost!!
You bite lansh's ghost, but do no damage.
Lansh's ghost is almost destroyed.
Lansh's ghost hits you!!
You die...

##########.#.............#
<.....§§§§§#.####....##.##
.....#######.#.........(.#
.................#########
.....#######...#.# ≈.....#
#####.# ......# #.#
≈.....# #.# ≈.....# #@#
≈.....# #W# ......# #.#
......# #.######### ..#
#.........# ..#
########.## #.# #.# #.#
#.# #####'### #.#


You could see lansh's ghost.

Vanquished Creatures
  A two-headed ogre (D:10)
  The ghost of Demiham the Geomancer, a novice DDEE of Makhleb (D:7)
  A gargoyle (D:10)
  A kobold demonologist (D:9)
  A troll (D:9)
  A spriggan (D:7)
  A shadow (D:8)
  A basilisk (D:9)
  The ghost of antares the Ruffian, an amateur DrTm (D:4)
  2 hungry ghosts
  Menkaure (D:6)
  A steam dragon (D:8)
  Duvessa (D:7)
  3 porcupines (D:9)
  3 orc warriors (D:9)
  An ice beast (D:5)
  4 black bears (D:9)
  An ogre (D:5)
  4 phantoms
  An eye of draining (D:9)
  A wolf (D:9)
  4 centaurs
  2 crocodiles (D:9)
  5 bullfrogs
  Dowan (D:7)
  5 scorpions
  4 killer bees (D:9)
  3 howler monkeys
  A vampire bat (D:6)
  An electric eel (D:10)
  A crimson imp (D:3)
  The ghost of sanboga the Skirmisher, a weakling VSBe of Trog (D:3)
  A bullfrog zombie (D:6)
  4 jellies
  A quasit (D:9)
  6 hounds
  3 bullfrog skeletons
  2 centaur skeletons
  9 orc priests
  8 orc wizards
  2 gnoll shamans
  An iguana (D:4)
  9 worker ants
  A hound skeleton (D:7)
  A worker ant zombie (D:6)
  Robin (D:4)
  13 gnolls
  A howler monkey skeleton (D:8)
  6 river rats (D:6)
  11 adders
  2 shadow imps (D:7)
  3 adder zombies
  3 adder skeletons
  2 worms (D:3)
  3 dart slugs
  7 leopard geckos
  33 orcs
  A ball python (D:3)
  7 giant cockroaches
  12 hobgoblins
  8 jackals (D:2)
  14 quokkas
  11 bats
  6 frilled lizards
  9 goblins
  2 jackal skeletons
  10 kobolds
  A quokka zombie (D:5)
  24 rats
  A bush (D:9)
  A fungus (D:9)
  12 plants
312 creatures vanquished.

Vanquished Creatures (others)
  3 fungi (D:9)
  A plant (D:9)
4 creatures vanquished.

Grand Total: 316 creatures vanquished

Notes
Turn   | Place    | Note
-------+----------+-------------------------------------------
     0 | D:1      | sanboga the Vine Stalker Berserker began the quest for the Orb.
     0 | D:1      | Reached XP level 1. HP: 11/11 MP: 2/2
    93 | D:1      | Found a shimmering altar of Xom.
   115 | D:1      | Reached XP level 2. HP: 12/16 MP: 3/3
   551 | D:1      | Reached XP level 3. HP: 16/20 MP: 2/4
   655 | D:2      | Reached ** piety under Trog
   756 | D:2      | Gained mutation: Your natural rate of healing is unusually fast. [Vine Stalker growth]
   756 | D:2      | Reached XP level 4. HP: 16/24 MP: 5/5
  1312 | D:3      | Reached XP level 5. HP: 23/28 MP: 6/6
  1321 | D:3      | Noticed sanboga's ghost (weakling VSBe)
  1342 | D:3      | Killed sanboga's ghost
  1491 | D:3      | Reached *** piety under Trog
  1677 | D:3      | Reached XP level 6. HP: 19/32 MP: 4/7
  1685 | D:3      | Reached skill level 1 in Axes
  1752 | D:3      | Found a radiant altar of Vehumet.
  2250 | D:4      | Noticed Robin
  2257 | D:4      | Reached skill level 2 in Axes
  2260 | D:4      | Killed Robin
  2403 | D:4      | Found a staircase to the Ecumenical Temple.
  2522 | D:4      | Reached XP level 7. HP: 37/37 MP: 8/8
  2580 | D:4      | Noticed antares's ghost (amateur DrTm)
  2588 | D:4      | Killed antares's ghost
  2588 | D:4      | Reached skill level 3 in Axes
  3003 | D:4      | Reached skill level 4 in Axes
  3193 | D:5      | Entered Level 5 of the Dungeon
  3205 | D:5      | Reached **** piety under Trog
  3205 | D:5      | Gained mutation: You have razor-sharp teeth. [Vine Stalker growth]
  3205 | D:5      | Reached XP level 8. HP: 41/42 MP: 9/9
  3248 | D:5      | Found Adyrch's Distillery.
  3290 | D:5      | Reached skill level 5 in Axes
  3312 | D:5      | Found Jeoll's Magic Scroll Shoppe.
  3494 | D:5      | Found Curghyir's Assorted Antiques.
  3561 | D:5      | Found Efremat's Magic Scroll Boutique.
  3566 | D:5      | Bought a scroll of enchant weapon for 112 gold pieces
  3923 | D:5      | Found Bodghyen's General Store.
  3928 | D:5      | Bought a scroll of enchant weapon for 105 gold pieces
  4049 | D:6      | Reached skill level 6 in Axes
  4224 | D:6      | Noticed Menkaure
  4226 | D:6      | Reached ***** piety under Trog
  4234 | D:6      | Killed Menkaure
  4234 | D:6      | Reached skill level 7 in Axes
  4234 | D:6      | Reached skill level 1 in Stealth
  4234 | D:6      | Reached XP level 9. HP: 35/46 MP: 10/10
  4236 | D:6      | Reached skill level 5 in Fighting
  4681 | D:6      | Received a gift from Trog
  4848 | D:7      | Noticed Demiham's ghost (novice DDEE)
  4871 | D:7      | Killed Demiham's ghost
  4871 | D:7      | Reached skill level 8 in Axes
  5042 | D:7      | Noticed Duvessa
  5043 | D:7      | Noticed Dowan
  5050 | D:7      | Killed Duvessa
  5052 | D:7      | Killed Dowan
  5137 | D:7      | Reached skill level 9 in Axes
  5162 | D:7      | Reached XP level 10. HP: 53/53 MP: 3/11
  5326 | D:7      | Reached skill level 5 in Armour
  5451 | D:8      | Found a transporter.
  5454 | D:8      | Found a transporter.
  5454 | D:8      | Found a bloodstained altar of Trog.
  5486 | D:8      | Found Saxuxzaz's General Store.
  5613 | D:8      | Found Onaipn's Distillery.
  5625 | D:8      | Bought a potion of berserk rage for 65 gold pieces
  5652 | D:8      | Found a shadowy altar of Dithmenos.
  5722 | D:8      | Found Lizept's Gadget Shoppe.
  6348 | D:9      | Received a gift from Trog
  6448 | D:9      | Reached skill level 10 in Axes
  6636 | D:9      | Received a gift from Trog
  6665 | D:9      | Found a staircase to the Lair.
  6689 | D:9      | Noticed a kobold demonologist
  6696 | D:9      | Killed a kobold demonologist
  6696 | D:9      | Reached XP level 11. HP: 58/58 MP: 4/12
  7003 | D:9      | Reached skill level 11 in Axes
  7102 | D:10     | Entered Level 10 of the Dungeon
  7102 | D:10     | Noticed a two-headed ogre
  7112 | D:10     | Killed a two-headed ogre
  7162 | D:10     | Found a staircase to the Orcish Mines.
  7443 | D:10     | Noticed lansh's ghost (journeyman HOFi)
  7516 | D:10     | Mangled by lansh's ghost

Skill      XL: |  1  2  3  4  5  6  7  8  9 10 11 |
---------------+----------------------------------+-----
Polearms       | 3 4 |  4.1
Fighting       | 3 4 5 6 7 |  7.0
Armour         | 2 3 4 5 6 |  6.0
Dodging        | 2 3 |  3.6
Axes           | 2 4 7 9 10 11 | 11.4
Stealth        | 1 2 |  2.5

Action                   |  1- 3 |  4- 6 |  7- 9 | 10-12 || total
-------------------------+-------+-------+-------+-------++-------
Melee: Spear             |   112 |   116 |       |       ||   228
       Bite              |    33 |    62 |   122 |    92 ||   309
       War axe           |       |    89 |   256 |       ||   345
       Battleaxe         |       |       |    73 |   177 ||   250
       Broad axe         |       |       |       |    69 ||    69
Invok: Berserk           |       |     1 |     2 |     1 ||     4
       Burn Spellbooks   |       |       |     1 |     1 ||     2
  Use: Scroll            |     6 |     3 |     7 |     6 ||    22
       Potion            |       |       |     8 |     2 ||    10
 Stab: Invisible         |       |       |       |     1 ||     1
  Eat: Fruit             |       |     2 |       |     2 ||     4
       Chunk             |       |     5 |    10 |     8 ||    23
Armor: Animal skin       |     3 |       |       |       ||     3
       Ring mail         |    29 |       |       |       ||    29
       Chain mail        |       |   111 |   184 |    44 ||   339
       Plate armour      |       |       |       |   150 ||   150
Dodge: Dodged            |    76 |   106 |   157 |    99 ||   438
